Map: Frozen Temple

Players

KIngGrunn

  • Race: Terran Terran
  • League: Bronze

Gracz - Winner!

  • Race: Zerg Zerg
  • League: Bronze

VOD

Have the link to the VOD?

Description

Time

  • Played on: Sept. 2, 2016, 5:26 p.m.
  • Length: 21:51
Show
View Real Time Build Order
Export as new Build Order

KIngGrunn Terran 

Build Orders:  

Get SALT Encoding   

  12  0:38  SCV  
  13  0:49  Supply Depot  
  13  0:50  SCV  
  14  1:02  Engineering Bay, SCV  
  15  1:14  SCV  
  16  1:22  Barracks  
  16  1:26  SCV  
  17  1:38  SCV  
  18  1:41  Refinery  
  18  1:50  SCV  
  19  2:01  Refinery  
  19  2:03  SCV  
  20  2:11  Barracks  
  20  2:13  Supply Depot  
  20  2:15  SCV  
  21  2:27  SCV  
  22  2:35  Supply Depot  
  22  2:42  SCV  
  23  2:47  Bunker  
  23  2:54  SCV  
  24  3:00  Barracks  
  24  3:01  Marine  
  24  3:05  Marine  
  25  3:06  SCV  
  27  3:19  Bunker, Marine  
  28  3:36  Marine  
  29  3:54  Marine  
  30  4:12  Marine  
  31  4:21  Marine  
  32  4:25  Marine  
  32  4:30  Marine  
  34  4:32  Terran Infantry Weapons Level 1  
  34  4:38  Marine  
  34  4:43  Marine  
  36  4:48  Marine  
  37  4:56  Marine  
  38  5:01  Marine  
  39  5:48  Supply Depot  
  39  6:04  Barracks Reactor  
  39  6:09  Marine  
  41  6:11  Supply Depot  
  41  6:12  Barracks Reactor  
  40  6:23  Missile Turret  
  40  6:26  Terran Infantry Armor Level 1  
  40  6:27  Marine  
  41  6:35  Supply Depot  
  41  6:44  Missile Turret  
  41  6:45  Marine  
  42  6:58  Supply Depot  
  42  7:03  Marine  
  42  7:06  Missile Turret  
  43  7:09  Command Center  
  43  7:21  Marine  
  43  7:22  Supply Depot  
  44  7:28  Missile Turret  
  44  7:38  Marine  
  45  7:47  Supply Depot  
  45  7:49  Missile Turret  
  45  7:51  Marine  
  45  7:52  Marine  
  45  7:54  Marine x2  
  45  7:58  Barracks Reactor  
  49  8:09  Marine x2  
  49  8:10  Supply Depot  
  49  8:12  Marine x2  
  53  8:21  Hi-Sec Auto Tracking  
  53  8:27  Marine x2  
  53  8:29  Marine  
  53  8:30  Marine  
  53  8:31  Ghost Academy  
  53  8:32  Supply Depot  
  57  8:35  SCV  
  58  8:45  Marine x2  
  58  8:47  Marine x2, SCV  
  63  8:59  Marine x2  
  63  9:00  SCV  
  66  9:03  Marine x2  
  68  9:12  SCV  
  68  9:17  Marine x2, Neosteel Frame  
  69  9:20  Marine  
  69  9:21  Marine  
  69  9:24  SCV  
  74  9:26  Factory  
  74  9:38  Marine x2  
  76  10:13  Factory  
  76  10:15  SCV  
  76  10:18  Missile Turret  
  76  10:20  Refinery  
  77  10:24  Refinery  
  77  10:27  Factory Tech Lab, SCV  
  78  10:36  Building Armor  
  78  10:39  Missile Turret, SCV  
  79  10:51  SCV  
  79  10:52  Supply Depot  
  80  11:03  SCV  
  81  11:14  Supply Depot  
  81  11:31  Marine x2  
  83  11:33  Marine x2  
  83  11:36  Marine x2  
  83  11:38  Supply Depot  
  87  11:41  Factory Tech Lab  
  87  11:48  Marine  
  87  11:49  Marine  
  87  11:51  Marine x2  
  87  11:54  Marine x2, Starport  
  91  12:00  Supply Depot  
  93  12:06  Marine x2  
  93  12:08  Missile Turret  
  95  12:09  Marine x2  
  95  12:12  Marine x2  
  99  12:23  Supply Depot  
  99  12:24  Marine x2  
  99  12:27  Marine x2  
  99  12:29  Marine  
  103  12:30  Marine  
  103  12:32  Missile Turret  
  105  12:41  Starport  
  105  12:46  Supply Depot  
  105  12:47  Command Center  
  105  13:02  Missile Turret  
  105  13:26  Missile Turret  
  105  13:49  Armory  
  105  13:53  Siege Tank  
  108  14:05  Siege Tank  
  111  14:25  Refinery, Siege Tank  
  111  14:26  SCV  
  115  14:33  Supply Depot  
  115  14:37  Siege Tank  
  118  14:38  SCV  
  119  14:50  SCV  
  120  14:56  Supply Depot  
  120  14:58  Siege Tank  
  123  15:02  SCV  
  124  15:15  SCV  
  124  15:18  Refinery  
  125  15:30  Siege Tank  
  128  15:37  Marine x2  
  128  15:40  Marine x2  
  132  15:43  Marine x2  
  134  15:50  Terran Vehicle Weapons Level 1  
  134  15:55  Marine x2  
  136  15:58  Marine x2  
  136  16:01  Marine x2  
  136  16:02  Siege Tank  
  143  16:05  Supply Depot  
  143  16:13  Marine x2  
  143  16:16  Marine x2  
  147  16:18  Marine  
  147  16:19  Marine  
  149  16:30  Marine  
  149  16:31  Marine  
  151  16:34  Marine x2  
  151  16:36  Marine x2  
  155  17:44  Command Center  
  155  18:05  Terran Infantry Weapons Level 2  
  155  18:13  Marine x2  
  155  18:16  Marine x2  
  155  18:18  Marine x2  
  161  18:27  Starport Tech Lab  
  161  18:31  Marine x2  
  163  18:34  Marine x2  
  163  18:36  Marine x2  
  141  18:49  Marine x2  
  141  18:52  Marine x2  
  141  18:54  Marine x2  
  139  19:07  Marine x2  
  139  19:09  Marine  
  138  19:10  Marine  
  138  19:12  Marine x2  
  84  19:24  Marine  
  84  19:25  Marine  
  84  19:27  Marine x2  
  84  19:30  Marine x2  
  81  19:39  Siege Tank  
  81  19:42  Marine  
  81  19:43  Marine  
  81  19:45  Marine x2, Siege Tank  
  63  19:47  Marine  
  54  19:54  Marine  
  54  20:00  Marine x2  
  54  20:03  Marine x2  
  58  20:11  Siege Tank  
  60  20:17  Siege Tank  
  60  20:18  Marine x2  
  60  20:21  Marine  
  56  20:32  Marine  
  51  20:44  Siege Tank  
  51  20:49  Siege Tank  
  45  20:57  Marine  
  45  20:59  Marine x2  
  41  21:15  Marine  
  41  21:16  Siege Tank  
  41  21:17  Marine x2  
Show
View Real Time Build Order
Export as new Build Order

Gracz Zerg - Winner!

Build Orders: Pool First, Lurkers 

Get SALT Encoding   

  12  0:02  Drone  
  13  0:09  Drone  
  14  0:29  Spawning Pool  
  14  0:30  Drone  
  14  0:57  Hatchery  
  14  1:00  Drone  
  14  1:04  Extractor  
  14  1:06  Drone  
  14  1:26  Overlord x2  
  14  1:38  Extractor, Drone  
  14  1:44  Queen  
  17  1:52  Drone x2  
  19  2:32  Drone  
  19  2:33  Drone x2  
  22  2:40  Drone x3  
  25  2:51  Roach Warren  
  24  2:52  Drone  
  24  2:53  Drone  
  26  3:03  Queen  
  26  3:05  Drone  
  29  3:07  Drone  
  30  3:19  Lair  
  30  3:28  Evolution Chamber  
  29  3:35  Evolution Chamber  
  29  3:38  Drone x2  
  29  3:39  Queen, Drone  
  33  3:48  Extractor  
  33  3:50  Extractor  
  33  3:51  Extractor, Drone  
  31  4:08  Drone x4  
  35  4:22  Drone  
  36  4:24  Overlord  
  36  4:42  Queen  
  38  4:58  Drone x2, Hatchery  
  38  4:59  Drone  
  40  5:05  Hydralisk Den  
  39  5:08  Queen  
  41  5:17  Queen  
  43  5:29  Zerg Melee Weapons Level 1  
  43  5:30  Zerg Missile Weapons Level 1  
  43  5:35  Glial Reconstitution  
  43  5:37  Lurker Den  
  43  5:41  Drone  
  44  5:52  Baneling Nest  
  43  6:27  Roach x3  
  43  6:28  Overlord  
  43  6:29  Overlord  
  43  6:30  Overlord x2  
  49  6:42  Drone  
  50  6:47  Drone x2  
  52  7:21  Queen  
  54  7:25  Drone  
  54  7:26  Drone x2  
  57  7:34  Muscular Augments  
  57  7:36  Hydralisk x5  
  63  7:40  Drone  
  68  7:57  Queen  
  70  8:20  Lurker  
  70  8:21  Lurker x4  
  75  8:28  Spire  
  75  8:32  Infestation Pit  
  75  8:34  Centrifical Hooks  
  73  8:36  Zerg Ground Armor Level 1  
  73  8:37  Zerg Melee Weapons Level 2  
  73  8:49  Overlord x3  
  73  8:50  Overlord x4  
  73  9:42  Hatchery  
  72  10:21  Infestation Pit  
  72  10:37  Hive  
  72  10:38  Nydus Network  
  72  10:40  Burrow  
  71  10:44  Tunneling Claws  
  71  10:46  Zerg Missile Weapons Level 2  
  71  10:50  Metabolic Boost  
  71  10:53  Zerg Ground Armor Level 2  
  71  11:45  Queen  
  73  12:21  Ultralisk Cavern  
  72  12:24  Greater Spire  
  72  12:46  Drone x4  
  72  12:47  Drone x2  
  72  12:48  Drone x2  
  72  12:49  Drone  
  81  13:01  Overlord x5  
  81  13:09  Corruptor  
  81  13:10  Corruptor x5  
  81  13:12  Ultralisk x2  
  141  13:13  Ultralisk x6  
  141  13:14  Zergling x2  
  142  14:11  Brood Lord x4  
  142  14:13  Brood Lord  
  152  14:25  Extractor  
  152  14:27  Extractor  
  152  14:30  Chitinous Plating  
  150  14:34  Zergling x2  
  150  14:35  Zergling x4  
  153  14:46  Drone x4  
  153  14:47  Drone x3  
  153  14:48  Drone x3  
  153  14:51  Extractor  
  162  14:53  Extractor  
  161  15:17  Ultralisk  
  161  15:20  Ultralisk  
  173  15:25  Drone x3  
  176  15:49  Brood Lord  
  178  15:56  Zerg Ground Armor Level 3  
  178  16:00  Zerg Melee Weapons Level 3  
  178  16:30  Nydus Canal  
  178  16:44  Nydus Canal  
  178  16:57  Overlord  
  178  16:58  Overlord x2  
  178  17:27  Corruptor x2  
  182  17:56  Overseer  
Tags
 
Add a new tag
Caveats
  • Supply blocks, unpowered buildings, or Contaminate may cause inaccurate times.
  • Supply counts are checked every 10 seconds.